 Dungeon Crawl Stone Soup version 0.27.0-1-g7a089689b8 (webtiles) character file.

Game seed: 3247519150265788420

12957 oldmanjim the Basher (level 12, -2/73 HPs)
             Began as a Gargoyle Necromancer on Aug 4, 2021.
             Was a High Priest of Nemelex Xobeh.
             Slain by an Executioner (7 damage)
             ... on level 2 of the Abyss.
             The game lasted 01:56:57 (16350 turns).

oldmanjim the Basher (Gargoyle Necromancer)        Turns: 16350, Time: 01:57:00

Health: -2/73      AC: 18    Str: 25    XL:     12   Next: 1%
Magic:  18/18      EV:  9    Int: 16    God:    Nemelex Xobeh [*****.]
Gold:   339        SH: 10    Dex:  6    Spells: 17/19 levels left

rFire    . . .     SeeInvis .   a - +4 flail
rCold    . . .     Faith    .   P - +0 kite shield
rNeg     + . .     Spirit   .   D - +1 leather armour "Goef Doh" {rCorr Str+8 Dex-4 Slay+2}
rPois    ∞         Reflect  .   e - +2 helmet
rElec    +         Harm     .   R - +0 cloak {rCorr}
rCorr    +         Rampage  .   (no gloves)
Will     .....                  G - +0 pair of boots
Stlth    ++........             j - amulet of magic regeneration
HPRegen  0.22/turn              (no ring)
MPRegen  0.41/turn              (no ring)

@: about to teleport
A: sickness immunity, AC +8, negative energy resistance 1, electricity
resistance, torment resistance 1, petrification resistance
a: Renounce Religion, Draw Escape, Draw Destruction, Draw Summoning, Triple
Draw, Deal Four, Stack Five


You were on level 2 of the Abyss.
You worshipped Nemelex Xobeh.
Nemelex Xobeh was extremely pleased with you.
You visited 1 branch of the dungeon, and saw 10 of its levels.
You visited the Abyss 1 time.

You collected 664 gold pieces.
You spent 325 gold pieces at shops.

Inventory:

Hand Weapons
 a - a +4 flail (weapon)
 b - a +1 hand crossbow of flaming
 s - a +0 morningstar
 I - the +0 mace of Crawling {drain, Drain rN+ Str+4}
   (You found it on level 4 of the Dungeon)

   A truly terrible weapon, it drains the life of any living foe it strikes.
   Str:       It affects your strength (+4).
   rN:        It protects you from negative energy.
   Drain:     It drains your maximum health when unequipped.
 Q - a +5 dire flail
Missiles
 d - 27 stones (quivered)
 h - 14 curare-tipped darts
 o - 85 bolts
 z - 22 poisoned darts
 E - 10 boomerangs
 N - 21 sling bullets
Armour
 e - a +2 helmet (worn)
 D - the +1 leather armour "Goef Doh" (worn) {rCorr Str+8 Dex-4 Slay+2}
   (You found it on level 5 of the Dungeon)

   Str:       It affects your strength (+8).
   Dex:       It affects your dexterity (-4).
   Slay:      It affects your accuracy & damage with ranged weapons and melee
   (+2).
   rCorr:     It protects you from acid and corrosion.
 G - a +0 pair of boots (worn)
 K - a +0 chain mail of fire resistance
 P - a +0 kite shield (worn)
 R - a +0 cloak of preservation (worn)
Jewellery
 j - an amulet of magic regeneration (around neck)
 M - a ring of fire
Wands
 c - a wand of flame (26)
 f - a wand of acid (4)
 g - a wand of mindburst (14)
 B - a wand of digging (4)
Scrolls
 m - a scroll of torment {unknown}
 n - a scroll of enchant weapon {unknown}
 p - 2 scrolls of enchant armour {unknown}
 r - 2 scrolls of magic mapping
 u - a scroll of fog {unknown}
 w - a scroll of brand weapon {unknown}
 y - a scroll of teleportation
 C - a scroll of silence {unknown}
 F - 2 scrolls of immolation
 S - a scroll of amnesia {unknown}
Potions
 i - 5 potions of heal wounds
 k - 2 potions of mutation
 l - 2 potions of flight
 q - a potion of might
 t - 5 potions of curing
 v - a potion of brilliance
 x - 4 potions of lignification
 A - a potion of degeneration {unknown}
 H - 3 potions of haste
 J - a potion of attraction
 L - a potion of invisibility
 O - a potion of cancellation {unknown}
Miscellaneous
 T - a lightning rod (4/4)


   Skills:
 - Level 8.0 Fighting
 + Level 13.6 Maces & Flails
 - Level 4.0 Armour
 - Level 1.5 Dodging
 - Level 3.0 Stealth
 + Level 6.0 Shields
 - Level 4.0 Spellcasting
 - Level 3.2 Necromancy
 - Level 7.0 Invocations


You had 17 spell levels left.
You knew the following spells:

 Your Spells              Type           Power      Damage    Failure   Level
a - Pain                  Necr           52%        1d6       16%         1
b - Animate Skeleton      Necr           26%        N/A       16%         1

Your spell library contained the following spells:

 Spells                   Type           Power      Damage    Failure   Level
 Vampiric Draining        Necr           6%         2d6       43%         3
 Slow                     Hex            3%         N/A       65%         2
 Static Discharge         Conj/Air       3%         N/A       65%         2
 Animate Dead             Necr           6%         N/A       83%         4
 Dispel Undead            Necr           13%        3d9       83%         4
 Confusing Touch          Hex            3%         N/A       87%         3
 Sticky Flame             Conj/Fire      3%         2d3       99%         4
 Agony                    Necr           13%        N/A       99%         5
 Lightning Bolt           Conj/Air       1%         1d12      100%        5
 Yara's Violent Unravell  Hex/Tmut       1%         3d3       100%        5
 Maxwell's Capacitive Co  Air            1%         ∞         100%        8


Dungeon Overview and Level Annotations

Branches:
Dungeon (10/15)            Temple (0/1) D:5            Lair (0/6) D:10
    Orc: D:9-12

Altars:
Dithmenos
Fedhas
Hepliaklqana
Kikubaaqudgha
Makhleb
Nemelex Xobeh
Qazlal
Ru
Trog
Wu Jian
Xom
Zin

Shops:
D:2 (=   D:4 *   D:5 (   D:6 (

Annotations:
D:4 1 runed translucent door, exclusion: door, Crazy Yiuf


Innate Abilities, Weirdness & Mutations

You are immune to sickness and miasma.
Your stone body is resilient. (AC +8)
You are immune to poison.
You resist negative energy. (rN+)
You are resistant to electric shocks. (rElec)
You are resistant to unholy torment.
You are immune to petrification.


Message History

Your +2 demon trident of speed completely misses the flying skull.
The yellow draconian hits you but does no damage.
The Executioner hits you but does no damage.
The Executioner hits you.
The Executioner hits you but does no damage.
Your +2 demon trident of speed hits the flying skull!
The flying skull is destroyed!
Your +2 demon trident of speed closely misses the yellow draconian.
The yellow draconian closely misses your +2 demon trident of speed.
You barely miss the Executioner.
The Executioner gestures.
The Executioner seems to speed up.
The small abomination misses your +2 demon trident of speed.
The Executioner hits you. You block the Executioner's attack.
The Executioner hits you.
Your +2 demon trident of speed hits the yellow draconian!!
The small abomination barely misses your +2 demon trident of speed.
The yellow draconian hits your +2 demon trident of speed with a +0 glaive!
Your +2 demon trident of speed is destroyed!
You hit the Executioner.
The Executioner is lightly wounded.
You block the Executioner's attack.
The Executioner hits you but does no damage. x2
The Executioner hits you!!
* * * LOW HITPOINT WARNING * * *
The Executioner hits you.
* * * LOW HITPOINT WARNING * * *
You block the Executioner's attack.
The Executioner hits you but does no damage.
You block the Executioner's attack.
The Executioner hits you but does no damage.
You hit the Executioner but do no damage.
The Executioner hits you.
* * * LOW HITPOINT WARNING * * *
The Executioner hits you but does no damage.
The Executioner hits you.
* * * LOW HITPOINT WARNING * * *
The Executioner hits you!
You die...
Your body glows with a rainbow of weird colours and disappears.

..# #.# #.#
#x# #.# #.#
#.# . ###.##
.. ..#.
#@1x.# .
.#... ##
###Xd# . .##
.## ... #..#
. ..# #..
....# . . .#
. . #.###.#
.# # ..#.
.#.# #
.#....# .#.#
. # # . ...#
# ..# .# # #
. #
#..###.##...


You could see a yellow draconian, a tentacled starspawn, an Executioner (fast)
and a small abomination.

Vanquished Creatures
  Pikel (D:8)
  A wizard (D:10)
  A wolf spider zombie (D:7)
  9 centaur zombies
  A centaur skeleton (D:7)
  A gargoyle (D:10)
  A kobold demonologist (D:10)
  A komodo dragon (D:10)
  2 hellwings (D:7)
  A queen bee (D:4)
  A troll (D:10)
  A slime creature (D:10)
  Prince Ribbit (D:5)
  A meliai zombie (D:7)
  9 yaks (D:9)
  Sigmund (D:4)
  A shadow (D:8)
  A wyvern (D:7)
  A basilisk (D:10)
  A vampire (D:10)
  Grum (D:9)
  A steam dragon (D:8)
  A water moccasin (D:8)
  2 ice beasts (D:6)
  A black bear (D:5)
  A sky beast (D:6)
  5 orc warriors
  2 necrophages
  An ogre (D:5)
  A hornet zombie (D:5)
  5 wolves
  3 lemures (D:8)
  6 centaurs
  A phantom (D:4)
  A kobold brigand (D:7)
  A bullfrog (D:9)
  A wyvern zombie (D:7)
  A scorpion (D:6)
  A water moccasin skeleton (D:4)
  12 wights
  6 killer bees (D:9)
  5 electric eels
  2 howler monkeys
  A bullfrog zombie (D:3)
  2 jellies
  7 hounds
  An iron imp (Abyss:2)
  2 orc priests
  2 gnoll shamans
  Ijyb (D:4)
  3 iguanas
  Jessica (D:3)
  5 orc wizards
  2 hound skeletons
  14 gnolls
  5 adders
  5 shadow imps (D:7)
  2 white imps
  3 worms
  A dart slug (D:2)
  25 orcs
  14 bats
  5 endoplasms
  5 giant cockroaches
  12 hobgoblins
  6 jackals (D:1)
  A quokka (D:1)
  4 ball pythons (D:1)
  5 frilled lizards
  13 goblins
  11 kobolds
  5 rats
261 creatures vanquished.

Vanquished Creatures (collateral kills)
  A wizard (D:10)
  A flying skull (Abyss:2)
2 creatures vanquished.

Vanquished Creatures (others)
  A bush (D:6)
  10 plants (D:8)
  2 starspawn tentacles (Abyss:2)
  10 withered plants
23 creatures vanquished.

Grand Total: 286 creatures vanquished

Notes
Turn   | Place    | Note
-------+----------+-------------------------------------------
     0 | D:1      | oldmanjim the Gargoyle Necromancer began the quest for the
                  | Orb.
     0 | D:1      | Reached XP level 1. HP: 10/10 MP: 3/3
   423 | D:1      | Reached skill level 1 in Fighting
   465 | D:1      | Reached XP level 2. HP: 13/16 MP: 1/5
  1129 | D:1      | Reached XP level 3. HP: 20/21 MP: 4/6
  1533 | D:1      | Learned a level 1 spell: Animate Skeleton
  2229 | D:2      | Found Fifrubbu's Jewellery Shop.
  2499 | D:2      | Reached XP level 4. HP: 26/28 MP: 4/7
  2859 | D:2      | Found Juirghau's Antique Weapon Shoppe.
  3048 | D:2      | Found a faded altar of an unknown god.
  3100 | D:2      | Became a worshipper of Nemelex Xobeh the Trickster
  3100 | D:2      | Reached * piety under Nemelex Xobeh
  3142 | D:2      | Received a gift from Nemelex Xobeh
  3296 | D:3      | Reached skill level 1 in Invocations
  3622 | D:2      | Reached XP level 5. HP: 14/33 MP: 8/8
  3971 | D:3      | Noticed Jessica
  3999 | D:3      | Killed Jessica
  4139 | D:3      | Found a glowing silver altar of Zin.
  4257 | D:3      | Reached skill level 1 in Maces & Flails
  4545 | D:3      | Found a sacrificial altar of Ru.
  4672 | D:4      | Found a blossoming altar of Fedhas.
  4804 | D:4      | Reached XP level 6. HP: 29/38 MP: 9/9
  4883 | D:4      | Found Kuhyshru's Assorted Antiques.
  4892 | D:4      | Reached skill level 2 in Maces & Flails
  5170 | D:4      | Found a hazy altar of Hepliaklqana.
  5171 | D:4      | Found a shadowy altar of Dithmenos.
  5171 | D:4      | Noticed a shadow
  5618 | D:4      | Identified the +0 mace of Crawling {drain, Drain rN+ Str+4}
  5624 | D:4      | Found a runed translucent door.
  5625 | D:4      | Noticed Crazy Yiuf
  5664 | D:4      | Noticed Ijyb
  5691 | D:4      | Killed Ijyb
  5771 | D:4      | Reached ** piety under Nemelex Xobeh
  5913 | D:5      | Entered Level 5 of the Dungeon
  5913 | D:5      | Noticed a sky beast
  5929 | D:4      | Noticed a queen bee
  5929 | D:4      | a sky beast changed into a queen bee
  5935 | D:4      | Killed a queen bee
  5936 | D:4      | Reached skill level 4 in Maces & Flails
  5936 | D:4      | Reached skill level 5 in Invocations
  5936 | D:4      | Reached XP level 7. HP: 20/43 MP: 10/10
  5953 | D:4      | HP: 2/43 [acid (4)]
  6355 | D:5      | Identified the +1 leather armour "Goef Doh" {rCorr Str+8
                  | Dex-4 Slay+2}
  6415 | D:5      | Reached skill level 5 in Maces & Flails
  7215 | D:5      | Reached skill level 6 in Maces & Flails
  7215 | D:5      | Reached XP level 8. HP: 48/48 MP: 11/11
  7562 | D:5      | Found a staircase to the Ecumenical Temple.
  7655 | D:5      | Noticed Prince Ribbit
  7663 | D:5      | Reached skill level 5 in Fighting
  7668 | D:5      | Reached skill level 7 in Maces & Flails
  7681 | D:5      | Killed Prince Ribbit
  7681 | D:5      | Noticed Sigmund
  7736 | D:5      | You fall into a shaft and drop 1 floor!
  7736 | D:6      | Found a bloodstained altar of Trog.
  8072 | D:6      | Reached skill level 8 in Maces & Flails
  8123 | D:6      | Reached XP level 9. HP: 54/54 MP: 12/12
  8141 | D:6      | Reached skill level 9 in Maces & Flails
  8149 | D:6      | Found Ywaedu Ramp's Antique Weapon Shoppe.
  8222 | D:5      | Found Leuts's Weapon Emporium.
  9012 | D:4      | Killed Sigmund
  9594 | D:5      | Found an ancient bone altar of Kikubaaqudgha.
  9842 | D:6      | Received a gift from Nemelex Xobeh
 10146 | D:6      | Reached skill level 10 in Maces & Flails
 10385 | D:6      | Found a shimmering altar of Xom.
 10588 | D:7      | Reached *** piety under Nemelex Xobeh
 10622 | D:7      | Received a gift from Nemelex Xobeh
 10811 | D:7      | Noticed a hellwing
 10817 | D:7      | Noticed a hellwing
 10847 | D:7      | Killed a hellwing
 10851 | D:7      | Reached XP level 10. HP: 33/60 MP: 14/14
 10860 | D:7      | Reached skill level 11 in Maces & Flails
 10896 | D:7      | HP: 3/60 [wight (3)]
 10905 | D:7      | HP: 1/60 [centaur warrior zombie (4)]
 10920 | D:7      | HP: 3/60 [centaur warrior zombie (1)]
 11325 | D:7      | Reached skill level 12 in Maces & Flails
 11325 | D:7      | Reached skill level 1 in Armour
 11739 | D:8      | Received a gift from Nemelex Xobeh
 12002 | D:8      | Reached XP level 11. HP: 19/67 MP: 17/17
 12290 | D:8      | Noticed Pikel
 12305 | D:8      | Killed Pikel
 12662 | D:8      | Found an ornate altar of the Wu Jian Council.
 12669 | D:8      | Found a burning altar of Makhleb.
 12671 | D:8      | Received a gift from Nemelex Xobeh
 13382 | D:9      | Noticed Grum
 13420 | D:9      | Killed Grum
 13908 | D:4      | Bought a glowing cloak for 232 gold pieces
 13913 | D:4      | Bought a scroll of identify for 62 gold pieces
 13913 | D:4      | Bought a scroll labelled QOMIEH QUOMOI for 31 gold pieces
 14049 | D:9      | Received a gift from Nemelex Xobeh
 14061 | D:9      | Reached **** piety under Nemelex Xobeh
 14116 | D:9      | Received a gift from Nemelex Xobeh
 14390 | D:9      | Reached skill level 1 in Shields
 14730 | D:10     | Entered Level 10 of the Dungeon
 14766 | D:10     | Reached skill level 13 in Maces & Flails
 15125 | D:10     | Found a staircase to the Lair.
 15830 | D:10     | Reached skill level 5 in Shields
 15837 | D:10     | Received a gift from Nemelex Xobeh
 15842 | D:10     | Noticed a wizard
 15844 | D:10     | Killed a wizard
 16041 | D:10     | Found a stormy altar of Qazlal.
 16222 | D:10     | Noticed a wizard
 16230 | D:10     | Killed a wizard
 16231 | D:10     | Reached XP level 12. HP: 73/73 MP: 18/18
 16278 | D:10     | Cast into level 2 of the Abyss (a wizard)
 16278 | Abyss:2  | Reached ***** piety under Nemelex Xobeh
 16306 | Abyss:2  | Noticed a tentacled starspawn
 16310 | Abyss:2  | Noticed a yellow draconian
 16342 | Abyss:2  | Noticed an Executioner
 16350 | Abyss:2  | Slain by an Executioner

Illustrated notes

Levels and vault maps discovered:
D:1:      dpeg_chamrin_arrival_tetris, layout_basic, minmay_worlds_worst_comb
D:2:      layout_basic, serial_shops, nicolae_lakefront_shop,
          nicolae_shop_crystal, hellmonk_ecumenical_altar_inner_sanctum,
          minmay_quantized
D:3:      layout_rooms, lemuel_tele_altar, nicolae_ru_the_path_less_chosen,
          uniq_jessica
D:4:      kennysheep_the_goblin_king, layout_basic,
          riverfiend_overflow_shadow_ancestor, fedhas_altar_4, serial_shops,
          nicolae_shop_trees, kennysheep_cross_bottleneck,
          uniq_crazy_yiuf_cottage
D:5:      layout_loops_ring, kiku_gazebo_garden_becter, temple_doors_cd,
          serial_shops, shop, minivault_4, minivault_23, uniq_sigmund,
          uniq_prince_ribbit1
D:6:      layout_gridville, mainiacjoe_overflow_brackets,
          mainiacjoe_overflow_six_doors_small, serial_shops, shop,
          chequers_jeans, minivault_1, kb_lookout_dungeons_type
D:7:      cheibrodos_grave_circle, layout_rooms
D:8:      layout_cave_pools, general_overflow_altar, kennysheep_mini,
          serial_bayou_lagoon_b, uniq_pikel
D:9:      layout_long_grid, grunt_decor_one_mirror,
          hangedman_abyss_or_decor_passed, kennysheep_nondescript, uniq_grum
D:10:     minmay_smoke_and_mirrors, layout_irregular_city,
          overflow_temple_1_default, erik_lair_island, minmay_checkerbox
Abyss:2:  base:
D:5

Skill      XL: |  1  2  3  4  5  6  7  8  9 10 11 12 |
---------------+-------------------------------------+-----
Fighting       | 1 2 3 4 5 6 7 8 |  8.0
Stealth        | 3 |  3.0
Invocations    | 2 3 5 6 7 |  7.0
Maces & Flails | 1 4 6 8 10 12 13 | 13.6
Spellcasting   | 3 4 |  4.0
Armour         | 4 |  4.0
Shields        | 5 6 |  6.0
Dodging        | |  1.5
Necromancy     | |  3.2

Action                   |  1- 3 |  4- 6 |  7- 9 | 10-12 || total
-------------------------+-------+-------+-------+-------++-------
Melee: Unarmed           |    22 |       |       |       ||    22
       Dagger            |    47 |    98 |       |       ||   145
       Whip              |       |   141 |       |       ||   141
       Mace              |       |    50 |   280 |       ||   330
       Dire flail        |       |       |    34 |   163 ||   197
       Flail             |       |       |       |   131 ||   131
 Fire: Hunting sling     |       |    33 |       |       ||    33
       Hand crossbow     |       |       |       |   130 ||   130
Throw: Dart              |       |       |    30 |       ||    30
       Stone             |       |       |    11 |       ||    11
       Boomerang         |       |       |     7 |       ||     7
 Cast: Pain              |    71 |    12 |    32 |       ||   115
Invok: Draw Destruction  |       |     1 |     1 |     6 ||     8
       Draw Summoning    |       |       |     1 |     2 ||     3
       Draw Escape       |       |       |     1 |       ||     1
       Triple Draw       |       |       |       |     1 ||     1
Evoke: Wand              |       |       |       |    10 ||    10
  Use: Scroll            |       |     1 |       |    15 ||    16
 Stab: Distracted        |     1 |       |       |     1 ||     2
       Sleeping          |       |       |     1 |       ||     1
Armor: Robe              |    44 |     8 |       |       ||    52
       Scale mail        |       |   181 |    27 |       ||   208
       Leather armour    |       |       |   195 |   241 ||   436
Dodge: Dodged            |    56 |   173 |   187 |   241 ||   657
Block: Kite shield       |       |       |       |    85 ||    85
